 Dungeon Crawl Stone Soup version 0.29-a0-284-gf9362112df (webtiles) character file.

Game seed: 184168030607130140

275 Cecur the Covered (level 6, 0/48 HPs)
             Began as a Formicid Fighter on Mar 15, 2022.
             Was a Believer of Jiyva.
             Slain by Pikel
             ... wielding a +0 whip of freezing
              (1 damage)
             ... on level 4 of the Dungeon.
             The game lasted 00:05:09 (2305 turns).

Cecur the Covered (Formicid Fighter)                Turns: 2305, Time: 00:05:10

Health: 0/48       AC:  7    Str: 22    XL:     6   Next: 50%
Magic:  6/6        EV:  9    Int:  8    God:    Jiyva [**....]
Gold:   22         SH:  4    Dex: 10    Spells: 5/5 levels left

rFire   . . .      SeeInvis +   a - +0 trident
rCold   . . .      Faith    .   c - +0 buckler
rNeg    . . .      Spirit   .   b - +0 scale mail
rPois   .          Reflect  .   (helmet unavailable)
rElec   .          Harm     .   (no cloak)
rCorr   +          Rampage  .   (no gloves)
Will    .....                   (no boots)
Stlth   ..........              (no amulet)
HPRegen 1.12/turn               h - +4 ring of slaying
MPRegen 0.40/turn               (no ring)

@: no status effects
A: permanent stasis, dig shafts and tunnels, antennae 3, four strong arms
a: Dig, Shaft Self, Renounce Religion


You were on level 4 of the Dungeon.
You worshipped Jiyva.
Jiyva was pleased with you.
You visited 1 branch of the dungeon, and saw 4 of its levels.

You collected 93 gold pieces.
You spent 71 gold pieces at shops.

Inventory:

Hand Weapons
 a - a +0 trident (weapon)
 k - a +0 battleaxe
Missiles
 f - 4 javelins
Armour
 b - a +0 scale mail (worn)
 c - a +0 buckler (worn)
Jewellery
 h - a +4 ring of slaying (left hand)
 p - an amulet of guardian spirit
Scrolls
 i - a scroll of teleportation {unknown}
 j - 2 scrolls of magic mapping
 m - 2 scrolls of noise {unknown}
 n - a scroll of immolation {unknown}
 q - a scroll of fear {unknown}
 r - a scroll of identify
 t - a scroll of vulnerability {unknown}
Potions
 d - a potion of might
 e - 4 potions of curing {unknown}
 g - 2 potions of ambrosia {unknown}
 l - 2 potions of mutation {unknown}
 o - a potion of degeneration {unknown}
 s - a potion of heal wounds {unknown}


   Skills:
 + Level 4.0 Fighting
 + Level 4.3 Polearms
 + Level 4.6 Armour
 + Level 1.0 Dodging
 - Level 0.1 Stealth
 + Level 4.6 Shields


You had 5 spell levels left.
You didn't know any spells.
Your spell library contained the following spells:

 Spells                   Type           Power      Damage    Failure   Level
 Animate Skeleton         Necr           0%         N/A       80%         1
 Pain                     Necr           0%         1d4       80%         1
 Vampiric Draining        Necr           0%         2d6       99%         3


Dungeon Overview and Level Annotations

Branches:
Dungeon (4/15)
 Temple: D:4-7

Altars:
Fedhas
Yredelemnul
Jiyva

Shops:
D:3 ?

Annotations:
D:3 1 runed translucent door, Crazy Yiuf
D:4 Pikel


Innate Abilities, Weirdness & Mutations

You cannot be hasted, slowed, berserked, paralysed or teleported.
You can dig through walls and to a lower floor.
You have a pair of large antennae on your head. (SInv)
Your four strong arms can wield two-handed weapons with a shield.


Message History

Pikel is lightly wounded.
A lemure comes into view.
The lemure hits you but does no damage. Pikel closely misses you.
You puncture Pikel!
Pikel is moderately wounded.
Pikel closely misses you. The lemure hits you.
You barely miss Pikel.
Pikel is moderately wounded.
You block the lemure's attack. Pikel barely misses you.
You puncture Pikel!
Pikel is heavily wounded.
Pikel hits you with a +0 whip of freezing.
Pikel freezes you. The lemure barely misses you.
You completely miss Pikel.
Pikel is heavily wounded.
Pikel hits you with a +0 whip of freezing.
Pikel freezes you. You block the lemure's attack.
You barely miss Pikel.
Pikel is heavily wounded.
Pikel barely misses you. The lemure closely misses you.
You puncture Pikel!
Pikel is almost dead.
Pikel hits you with a +0 whip of freezing.
Pikel freezes you.
* * * LOW HITPOINT WARNING * * *
You block the lemure's attack.
You hit Pikel but do no damage.
Pikel is almost dead.
Pikel hits you with a +0 whip of freezing!
* * * LOW HITPOINT WARNING * * *
Pikel freezes you.
* * * LOW HITPOINT WARNING * * *
You block the lemure's attack. You block Pikel's attack.
The lemure closely misses you.
You completely miss Pikel.
Pikel is almost dead.
Pikel hits you with a +0 whip of freezing.
* * * LOW HITPOINT WARNING * * *
Pikel freezes you.
You die...

#### .... ... .5# #
#5# #.#K# #.#@###
#.5...#### {
##...##.<# #...#...#
.### +#...#'.###
...###.....###.#######
#....................
#......⌠..[....#####.
#.............##


You could see Pikel and 3 lemures.

Vanquished Creatures
  A black bear (D:4)
  A lemure (D:4)
  Ijyb (D:3)
  An orc wizard (D:3)
  Robin (D:3)
  5 adders
  3 worms
  A dart slug (D:2)
  5 orcs
  5 bats
  2 giant cockroaches
  8 goblins
  14 hobgoblins
  2 jackals (D:2)
  3 kobolds
  2 quokkas
  5 ball pythons
  3 frilled lizards
  3 rats (D:1)
66 creatures vanquished.

Vanquished Creatures (others)
  An adder (D:3)
  An endoplasm (D:3)
  An orc (D:3)
  A bat (D:3)
  2 plants (D:3)
6 creatures vanquished.

Grand Total: 72 creatures vanquished

Notes
Turn   | Place    | Note
-------+----------+-------------------------------------------
     0 | D:1      | Cecur the Formicid Fighter began the quest for the Orb.
     0 | D:1      | Reached XP level 1. HP: 18/18 MP: 1/1
    87 | D:1      | Reached XP level 2. HP: 24/24 MP: 2/2
   524 | D:1      | Reached XP level 3. HP: 29/29 MP: 3/3
   958 | D:2      | Found a basalt altar of Yredelemnul.
  1194 | D:2      | Reached XP level 4. HP: 35/37 MP: 4/4
  1233 | D:2      | Found a faded altar of an unknown god.
  1233 | D:2      | Noticed a Brimstone Fiend
  1243 | D:2      | Prayed at the altar of an unknown god.
  1243 | D:2      | Became a worshipper of Jiyva Juiw the Shapeless
  1243 | D:2      | Reached * piety under Jiyva
  1444 | D:3      | Noticed Robin
  1471 | D:3      | Killed Robin
  1472 | D:3      | Reached XP level 5. HP: 40/42 MP: 5/5
  1523 | D:3      | Reached ** piety under Jiyva
  1634 | D:3      | Found Zieke's Magic Scroll Boutique.
  1642 | D:3      | Bought a scroll of magic mapping for 45 gold pieces
  1642 | D:3      | Bought a scroll of identify for 26 gold pieces
  1708 | D:3      | Found a blossoming altar of Fedhas.
  1963 | D:3      | Noticed Ijyb
  1980 | D:3      | Killed Ijyb
  2048 | D:3      | Found a runed translucent door.
  2049 | D:3      | Noticed Crazy Yiuf
  2237 | D:4      | Noticed a black bear
  2247 | D:4      | Killed a black bear
  2248 | D:4      | Reached XP level 6. HP: 43/48 MP: 6/6
  2250 | D:4      | Reached skill level 1 in Dodging
  2287 | D:4      | Noticed Pikel
  2305 | D:4      | HP: 1/48 [Pikel/+0 whip of freezing (5)]
  2305 | D:4      | Slain by Pikel

Illustrated notes

Levels and vault maps discovered:
D:1:      dpeg_arrival_short_road, layout_basic, chequers_serial_rivers_marsh
D:2:      layout_rooms, basic_altar, dreamdust_ecumenical_altar_sealed_demon,
          minmay_pentomino_x4
D:3:      layout_basic, fedhas_ov_isle_minmay, serial_shops, shop, uniq_ijyb,
          uniq_robin, uniq_crazy_yiuf_cottage
D:4:      layout_loops_ring, worldfamousw_hep_ancestral_shrine, serial_shops,
          shop, grunt_ministairs_6, minmay_misc_feat_nine_boxes, uniq_pikel,
          uniq_natasha

Skill      XL: |  1  2  3  4  5  6 |
---------------+-------------------+-----
Shields        | 4 |  4.6
Armour         | 4 |  4.6
Polearms       | 3 4 |  4.3
Fighting       | 4 |  4.0
Dodging        | 1 |  1.0
Stealth        | |  0.1

Action                   |  1- 3 |  4- 6 || total
-------------------------+-------+-------++-------
Melee: Trident           |    86 |   124 ||   210
Armor: Scale mail        |    41 |    38 ||    79
Dodge: Dodged            |    33 |    47 ||    80
Block: Buckler           |    13 |    31 ||    44

Table legend: (Time is in decaauts)
 A = Elapsed time spent in this place.
 B = Non-inter-level travel time spent in this place.
 C = Inter-level travel time spent in this place.
 D = Time resting spent in this place.
 E = Time spent auto-exploring this place.
 F = Levels seen in this place.
 G = Mean time per level.
                   A        B        C        D        E       F      G
               +--------+--------+--------+--------+--------+-----+--------+
         Total |   2344 |   2224 |    120 |      0 |   1785 |   4 |  586.0 |
       Dungeon |   2344 |   2224 |    120 |      0 |   1785 |   4 |  586.0 |
               +--------+--------+--------+--------+--------+-----+--------+

Top non-repeatable levels by time:
     D:3: 863 daAuts
     D:1: 850 daAuts
     D:2: 552 daAuts
     D:4: 77 daAuts
